 Dungeon Crawl Stone Soup version 0.24-a0-361-g57161393b2 (webtiles) character file.

Game seed: 5221234368888091707

1876 Amnesiac the Geomancer (level 8, 28/31 HPs)
             Began as a Felid Earth Elementalist on May 26, 2019.
             Was a Believer of Vehumet.
             Quit the game on level 9 of the Dungeon.
             The game lasted 00:35:02 (14110 turns).

Amnesiac the Geomancer (Felid Earth Elementalist)  Turns: 14110, Time: 00:35:03

Health: 28/31      AC:  2    Str:  4    XL:     8   Next: 91%
Magic:  20/23      EV: 18    Int: 19    God:    Vehumet [**....]
Gold:   599        SH:  0    Dex: 20    Spells: 4/27 levels left
                                        Lives:  0   Deaths: 2

rFire    . . .     SeeInvis +     - Unarmed
rCold    . . .     Gourm    .   (shield unavailable)
rNeg     . . .     Faith    .   (armour unavailable)
rPois    +         Spirit   .   (helmet unavailable)
rElec    .         Reflect  .   (cloak unavailable)
rCorr    .         Harm     +   (gloves unavailable)
MR       +....     Clarity  +   (boots unavailable)
Stlth    ++++......             o - amulet of harm
HPRegen  0.10/turn              q - ring of poison resistance
MPRegen  0.18/turn              (no ring)

@: quick
A: very small, no armour, no weapons or thrown items, stealth, claws 1, fangs 3,
thin skeletal structure 1, see invisible, carnivore, clarity, speed 1, shaggy
fur 2, slow metabolism 1, sharp paws
a: Renounce Religion


You were on level 9 of the Dungeon.
You worshipped Vehumet.
Vehumet was pleased with you.
You were not hungry.

You visited 2 branches of the dungeon, and saw 10 of its levels.
You also visited: Sewer.

You collected 599 gold pieces.

Inventory:

Missiles
 j - 20 stones
Jewellery
 o - an amulet of harm (around neck)
 q - a ring of poison resistance (left paw)
Wands
 b - a wand of flame (15)
 p - a wand of paralysis (1)
 t - a wand of scattershot (3)
Scrolls
 a - 5 scrolls of amnesia {!r}
 l - 2 scrolls of remove curse {!r}
 n - 2 scrolls of teleportation {!r}
Potions
 d - a potion of might {!q}
 e - a potion of invisibility {!q}
 f - a potion of agility {!q}
 g - 4 potions of curing {!q}
 h - a potion of lignification {!q}
 i - 3 potions of brilliance {!q}
 k - 3 potions of flight {!q}
 m - a potion of mutation {!q}
 r - a potion of haste {!q}
 s - a potion of cancellation {!q}
 u - a potion of ambrosia {!q}
 v - a potion of berserk rage {!q, unknown}
 x - 2 potions of magic {!q}
Comestibles
 c - 16 rations


   Skills:
 - Level 2.6 Dodging
 + Level 4.6 Stealth
 * Level 4.6 Unarmed Combat
 - Level 10.0 Spellcasting
 - Level 1.1 Transmutations
 - Level 10.0 Earth Magic


You had 4 spell levels left.
You knew the following spells:

 Your Spells              Type           Power        Failure   Level  Hunger
a - Stone Arrow           Conj/Erth      ####..       2%          3    None
b - Passwall              Tmut/Erth      ####....     1%          2    None
c - Sandblast             Erth           #####.       1%          1    None
d - Lee's Rapid Deconstr  Erth           #####.....   3%          5    #####..
e - Petrify               Tmut/Erth      ####....     8%          4    ##.....
f - Iron Shot             Conj/Erth      ####......   82%         6    ######.
z - Swiftness             Chrm/Air       #.......     11%         2    None

Your spell library contained the following spells:

 Spells                   Type           Power        Failure   Level  Hunger
 Ignite Poison            Fire/Tmut/Pois ##......     19%         3    None
 Magic Dart               Conj           #...         8%          1    None
 Shock                    Conj/Air       #...         8%          1    None
 Searing Ray              Conj           #.....       11%         2    None
 Dazzling Spray           Conj/Hex       #.....       22%         3    None
 Static Discharge         Conj/Air       #.......     22%         3    None
 Airstrike                Air            #.........   58%         4    ##.....
 Force Lance              Conj/Tloc      #.......     58%         4    ##.....
 Fulminant Prism          Conj/Hex       #.........   58%         4    ##.....
 Iskenderun's Mystic Bla  Conj           #.......     58%         4    ##.....
 Bolt of Magma            Conj/Fire/Erth ###.......   45%         5    #####..
 Iskenderun's Battlesphe  Conj/Chrm      #.......     90%         5    #####..
 Lightning Bolt           Conj/Air       #.........   90%         5    #####..
 Venom Bolt               Conj/Pois      #.........   90%         5    #####..
 Orb of Destruction       Conj           #.........   100%        7    #######
 Spellforged Servitor     Conj/Summ      #.........   100%        7    #######


Dungeon Overview and Level Annotations

Branches:
Dungeon (9/15)             Temple (1/1) D:6             Orc (0/2) D:9
   Lair: D:8-11

Altars:
Cheibriados
Dithmenos
Elyvilon
Fedhas
Gozag
Hepliaklqana
Kikubaaqudgha
Nemelex Xobeh
Okawaru
Qazlal
Ru
Sif Muna
Uskayaw
Vehumet
Wu Jian
Zin
The Shining One

Annotations:
D:5 1 runed translucent door
D:9 yes


Innate Abilities, Weirdness & Mutations

You cannot wear armour.
You are incapable of wielding weapons or throwing items.
Your paws allow you to move quietly. (Stealth)
You have sharp claws.
You have razor-sharp teeth.
You have supernaturally acute eyesight. (SInv)
You are carnivorous and can eat meat at any time.
You cover ground quickly.
You are covered in thick fur. (AC +2)
You have a slow metabolism.
Your sharp claws are effective at attacking unaware monsters.
You have a somewhat thin skeletal structure. (Dex +2, Stealth)
You possess an exceptional clarity of mind.


Message History

You kill the yak!
Vehumet accepts your kill.
You feel your power returning. The yak gores you!
You die...
You are now level 8!
You rejoin the land of the living...
Found a plate armour.
Eating a chunk of flesh.
You eat the chunk of flesh.
This raw flesh tastes great.
A black bear comes into view.
Found a stone staircase leading up.
A black bear is nearby!
A black bear is nearby!
A black bear is nearby!
A black bear is nearby!
A black bear is nearby!
A black bear is nearby!
A black bear is nearby!
A black bear is nearby!
A black bear is nearby!
A black bear is nearby!
A black bear is nearby!
A black bear is nearby!
A black bear is nearby!
A black bear is nearby!
A black bear is nearby!
Casting: Petrify (safe; 8% risk of failure)
Confirm with . or Enter, or press ? or * to list all spells.
Aiming: Petrify (safe; 8% risk of failure)
Press: ? - help, Shift-Dir - straight line, f - black bear
Aim: a black bear (hasn't noticed you, chance to defeat MR: 59%)
The black bear growls angrily.
The black bear resists with significant effort.
Unknown command.
Casting: Petrify (safe; 8% risk of failure)
Confirm with . or Enter, or press ? or * to list all spells.
Aiming: Petrify (safe; 8% risk of failure)
Press: ? - help, Shift-Dir - straight line, f/p - black bear
Aim: a black bear (chance to defeat MR: 59%)
The black bear is moving more slowly.
Unknown command.
The black bear barely misses you. The black bear misses you. x2
You scratch the black bear but do no damage.
You claw the black bear!
The black bear is moderately wounded.
The black bear bites you. The black bear closely misses you.
The black bear misses you.
You scratch the black bear.
The black bear is moderately wounded.
The black bear stops moving altogether!
You pounce on the unaware helpless black bear!
You mangle the black bear!!
The black bear is almost dead.
The helpless black bear fails to defend itself.
You mangle the black bear!!
You kill the black bear!
Vehumet accepts your kill.
You feel your power returning.
New annotation for D:9 (include '!' for warning): yes (m)acro, (M)acro raw, keymap [(k) default, (x) level-map, (t)argeting, (c)onfirm, m(e)nu], (s)ave?
Aborting.
You can't grasp things well enough to throw them.
Unknown command.
Are you sure you want to abandon this character and quit the game? (Confirm with "yes".)

........#
....##### #...#
#...# ...# #
..#
###.###########
#...#
#...$..##.....#
.. ..
###.##..[..# ..
#.@........# ..
#†#.##.....# #.
#.#.##.....#
....########
<##### .. .# ..


There were no monsters in sight!

Vanquished Creatures
  A manticore (D:7)
  The ghost of PeterLawrence the Cudgeler, a novice MiFi (D:5)
  Grinder (D:4)
  4 yaks (D:9)
  2 wyverns (D:9)
  A water moccasin (D:8)
  2 black bears
  2 orc warriors
  An ice beast (D:8)
  2 phantoms
  2 necrophages (D:7)
  5 ogres
  3 centaurs
  A big kobold (Sewer)
  2 wyvern zombies (D:7)
  4 bullfrogs
  A water moccasin skeleton (D:7)
  4 scorpions
  A killer bee (D:7)
  3 wights (D:8)
  2 crimson imps
  A centaur zombie (D:7)
  2 bullfrog zombies
  4 hounds
  A quasit (D:7)
  A centaur skeleton (D:4)
  6 orc priests
  3 jellies
  A bullfrog skeleton (D:6)
  4 iguanas
  Jessica (D:2)
  11 orc wizards
  Terence (D:2)
  4 worker ants
  A hound skeleton (D:4)
  Robin (D:4)
  3 river rats
  14 adders
  2 shadow imps
  3 oozes
  3 adder skeletons
  6 worms
  3 dart slugs (D:1)
  7 leopard geckos
  46 orcs
  8 bats
  7 giant cockroaches
  13 goblins
  10 hobgoblins
  21 jackals
  7 quokkas
  4 ball pythons
  2 frilled lizards
  A giant cockroach zombie (D:5)
  11 kobolds
  2 leopard gecko skeletons (D:4)
  A quokka zombie (D:7)
  14 rats
  A butterfly (D:4)
276 creatures vanquished.

Vanquished Creatures (others)
  A crimson imp (D:8)
  6 plants
7 creatures vanquished.

Grand Total: 283 creatures vanquished

Notes
Turn   | Place    | Note
-------+----------+-------------------------------------------
     0 | D:1      | Amnesiac the Felid Earth Elementalist began the quest for
                  | the Orb.
     0 | D:1      | Reached XP level 1. HP: 7/7 MP: 4/4
   730 | D:1      | Reached XP level 2. HP: 11/11 MP: 6/6
   734 | D:1      | Learned a level 2 spell: Passwall
  1323 | D:2      | Noticed Jessica
  1328 | D:2      | Reached XP level 3. HP: 12/14 MP: 4/7
  1370 | D:2      | Killed Jessica
  1488 | D:4      | Reached XP level 4. HP: 5/18 MP: 6/9
  1809 | D:3      | Reached XP level 5. HP: 16/21 MP: 6/10
  1878 | D:3      | Found a glowing drain.
  1884 | Sewer    | Entered a sewer
  2193 | Sewer    | Reached skill level 1 in Unarmed Combat
  2198 | Sewer    | Reached skill level 5 in Earth Magic
  2230 | Sewer    | Found a white marble altar of Elyvilon.
  2304 | D:3      | Learned a level 4 spell: Petrify
  2515 | D:3      | Gained mutation: You are covered in thick fur. (AC +2)
                  | [Felid growth]
  2515 | D:3      | Reached XP level 6. HP: 23/24 MP: 12/12
  2533 | D:3      | Learned a level 5 spell: Lee's Rapid Deconstruction
  2814 | D:3      | Found a shadowy altar of Dithmenos.
  3757 | D:2      | Noticed Terence
  3770 | D:2      | Killed Terence
  3931 | D:4      | Noticed Grinder
  3944 | D:4      | Found an opulent altar of Gozag.
  4885 | D:4      | Reached XP level 7. HP: 20/27 MP: 9/14
  5001 | D:4      | Noticed Robin
  5003 | D:4      | Killed Robin
  5327 | D:4      | Found an ancient bone altar of Kikubaaqudgha.
  5905 | D:5      | Entered Level 5 of the Dungeon
  5947 | D:5      | Found a hazy altar of Hepliaklqana.
  6011 | D:5      | Learned a level 3 spell: Stone Arrow
  6412 | D:5      | Found an opulent altar of Gozag.
  6412 | D:5      | Found a stormy altar of Qazlal.
  6832 | D:5      | Found a runed translucent door.
  6833 | D:5      | Noticed PeterLawrence's ghost (novice MiFi)
  7230 | D:5      | Found a hide-covered altar of Uskayaw.
  7232 | D:5      | Found a runed translucent door.
  7417 | D:5      | Reached XP level 8. HP: 31/31 MP: 9/16
  7753 | D:5      | Reached skill level 5 in Spellcasting
  8669 | D:6      | Found a sacrificial altar of Ru.
  8700 | D:6      | Found a staircase to the Ecumenical Temple.
  8709 | Temple   | Entered the Ecumenical Temple
  8717 | Temple   | Became a worshipper of Vehumet
  9210 | D:7      | HP: 1/31 [centaur/arrow (15)]
  9335 | D:7      | Learned a level 2 spell: Swiftness
  9373 | D:7      | Reached XP level 9. HP: 34/34 MP: 16/19
  9712 | D:7      | Reached * piety under Vehumet
  9712 | D:7      | Offered knowledge of Flame Tongue by Vehumet.
 10117 | D:7      | Noticed a manticore
 10127 | D:7      | Killed a manticore
 10128 | D:7      | Gained mutation: You have a somewhat thin skeletal
                  | structure. (Dex +2, Stealth) [potion of mutation]
 10128 | D:7      | Gained mutation: You possess an exceptional clarity of
                  | mind. [potion of mutation]
 10402 | D:7      | Reached skill level 10 in Earth Magic
 11395 | D:8      | Learned a level 6 spell: Iron Shot
 11933 | D:4      | Killed Grinder
 11933 | D:4      | Reached XP level 10. HP: 29/37 MP: 1/23
 12266 | D:5      | Killed PeterLawrence's ghost
 12440 | D:8      | Offered knowledge of Freeze by Vehumet.
 12662 | D:8      | Reached ** piety under Vehumet
 12667 | D:8      | Slain by an iguana
 12668 | D:8      | Reached XP level 9. HP: -1/34 MP: 11/23
 12768 | D:8      | Found a snail-covered altar of Cheibriados.
 12776 | D:8      | Found a glowing silver altar of Zin.
 13536 | D:9      | Found a staircase to the Orcish Mines.
 13643 | D:9      | Reached skill level 10 in Spellcasting
 14058 | D:9      | Offered knowledge of Ignite Poison by Vehumet.
 14092 | D:9      | Slain by a yak
 14093 | D:9      | Reached XP level 8. HP: -2/31 MP: 18/23
 14110 | D:9      | Quit the game

Levels and vault maps discovered:
D:1:      ebering_hopf_link, layout_basic
D:2:      layout_rooms, minmay_liquid_box, uniq_terence, uniq_jessica
D:3:      cheibrodos_old_hovel, layout_loops_ring,
          lemuel_coloured_pillars_altar, lightli_sewer_entry_pipes,
          minmay_checkerbox
D:4:      layout_basic, kennysheep_mini_moat, first_ration,
          hangedman_glass_garden, grunt_gozag_breadcrumbs, uniq_robin,
          uniq_grinder
D:5:      layout_cave_pools, gammafunk_temple_overflow_elements,
          old_standard_altar, eat_drink_and_be_merry_uskayaw,
          ebering_ghost_sewer_f, minmay_holes
D:6:      layout_rooms, minmay_temple_entry_slanted, lemuel_tele_altar
D:7:      minmay_evil_eye, layout_loops_cross, hangedman_abyss_or_decor_passed,
          minmay_shattered_shrine
D:8:      layout_rooms, gammafunk_temple_overflow_pools
D:9:      layout_loops_cross, orc_0_dummy
Temple:   eino_narrow_crystal_temple

Skill      XL: |  1  2  3  4  5  6  7  8  9 10 |
---------------+-------------------------------+-----
Earth Magic    | 3 4 5 7 8 10 | 10.0
Stealth        | 3 4 |  4.6
Spellcasting   | 3 4 6 10 9 | 10.0
Unarmed Combat | 1 2 3 4 |  4.6
Dodging        | |  2.6
Transmutations | |  1.1

Action                   |  1- 3 |  4- 6 |  7- 9 | 10-12 || total
-------------------------+-------+-------+-------+-------++-------
Melee: Unarmed           |    93 |   254 |   223 |     6 ||   576
       Bite              |     6 |    27 |    18 |     2 ||    53
       Punch             |       |       |     2 |       ||     2
 Cast: Sandblast         |    16 |    72 |    91 |       ||   179
       Passwall          |     1 |     2 |     2 |       ||     5
       Petrify           |       |    10 |    43 |     4 ||    57
       Stone Arrow       |       |       |   126 |    19 ||   145
       Lee's Rapid Decon |       |       |     9 |       ||     9
Evoke: Wand              |       |       |     6 |       ||     6
  Use: Scroll            |       |     8 |    11 |       ||    19
       Potion            |       |     1 |     8 |       ||     9
 Stab: Sleeping          |     8 |     2 |     9 |       ||    19
       Petrified         |       |    21 |    47 |     2 ||    70
       Petrifying        |       |     4 |     7 |     1 ||    12
       Paralysed         |       |       |     7 |       ||     7
  Eat: Chunk             |     9 |    10 |    32 |     3 ||    54
Armor: Skin              |     8 |    24 |     8 |     3 ||    43
Dodge: Dodged            |    88 |   233 |   220 |    15 ||   556

Table legend:
 A = Non-vault XP
 B = Vault XP
 C = Vault XP percentage of total XP
 D = Non-vault monster count
 E = Vault monster count
 F = Vault count percentage of total count
                 A         B        C        D         E       F
            +---------+---------+-------+---------+---------+-------
      Total |    6273 |    2079 |  24.9 |     223 |      52 |  18.9
            +---------+---------+-------+---------+---------+-------
        D:1 |      34 |       0 |   0.0 |      18 |       0 |   0.0
        D:2 |      86 |      73 |  45.9 |      26 |       2 |   7.1
        D:3 |     122 |      78 |  39.0 |      24 |      12 |  33.3
        D:4 |     579 |     327 |  36.1 |      42 |      13 |  23.6
        D:5 |     514 |     456 |  47.0 |      15 |       2 |  11.8
        D:6 |     518 |       0 |   0.0 |      16 |       0 |   0.0
        D:7 |    1340 |    1017 |  43.1 |      30 |      11 |  26.8
        D:8 |    1666 |       0 |   0.0 |      38 |       0 |   0.0
        D:9 |    1414 |       0 |   0.0 |      14 |       0 |   0.0
      Sewer |       0 |     128 | 100.0 |       0 |      12 | 100.0
            +---------+---------+-------+---------+---------+-------
